 Dungeon Crawl Stone Soup version 0.32-a0-995-gb4a59205af (webtiles) character file.

Game seed: 13394381590436966140

139661 DimondSprtn the Convoker (level 17, -8/131 (136) HPs)
             Began as a Formicid Summoner on Apr 23, 2024.
             Was a Priest of Sif Muna.
             Mangled by a bunyip (28 damage)
             ... on level 4 of the Swamp.
             The game lasted 02:28:11 (35987 turns).

DimondSprtn the Convoker (Formicid Summoner)       Turns: 35987, Time: 02:28:12

HP:   -8/131 (136)  AC: 20    Str: 15    XL:     17   Next: 89%
MP:   29/30         EV: 20    Int: 23    God:    Sif Muna [***...]
Gold: 705           SH:  9    Dex: 23    Spells: 2/34 levels left

rFire   + . .        a - +1 demon trident (protect)
rCold   + . .        q - +3 warlock's mirror {omnireflect}
rNeg    . . .        O - +4 swamp dragon scales
rPois   +            (helmet unavailable)
rElec   +            m - +1 cloak
rCorr   +            c - +3 pair of gloves "Qaotobum" {rC+ Str+3}
SInv    +            G - +0 pair of boots
Will    +....        C - amulet of magic regeneration
Stlth   +            L - ring of Satisfaction {rElec EV+5 Str-4 Dex+9 Stlth-}
HPRegen 0.41/turn    Q - ring of the Zebra {rF+ rCorr Int+3}
MPRegen 0.62/turn

%: reflection
@: mighty, brilliant, lightly drained, invisible
A: permanent stasis, dig shafts and tunnels, antennae 3, four strong arms
a: Dig, Shaft Self, Renounce Religion, Channel Magic, Forget Spell


You were on level 4 of the Swamp.
You worshipped Sif Muna.
Sif Muna was most pleased with you.
You visited 5 branches of the dungeon, and saw 27 of its levels.
You also visited: Bailey and Ice Cave.

You collected 2117 gold pieces.
You spent 1412 gold pieces at shops.

Inventory:

Hand Weapons
 a - a +1 demon trident of protection (weapon)
 b - a +0 bardiche
Missiles
 l - 7 curare-tipped darts
Armour
 c - the +3 pair of gloves "Qaotobum" (worn) {rC+ Str+3}
   (You bought it in a shop on level 3 of the Dungeon)

   Str+3:     It affects your strength (+3).
   rC+:       It protects you from cold.
 m - a +1 cloak (worn)
 q - the +3 warlock's mirror (worn) {omnireflect}
   (You acquired it on level 4 of the Lair of Beasts)

   Omnireflect: It can block and reflect piercing ranged attacks and magical
   attacks against the wielder's willpower.
 G - a +0 pair of boots (worn)
 O - +4 swamp dragon scales (worn)
Jewellery
 C - an amulet of magic regeneration (around neck)
 J - a ring of ice
 K - a ring of magical power
 L - the ring of Satisfaction (left hand) {rElec EV+5 Str-4 Dex+9 Stlth-}
   (You took it off a centaur on level 12 of the Dungeon)

   [ring of evasion]

   EV+5:      It affects your evasion (+5).
   Str-4:     It affects your strength (-4).
   Dex+9:     It affects your dexterity (+9).
   rElec:     It insulates you from electricity.
   Stlth-:    It makes you less stealthy.
 Q - the ring of the Zebra (right hand) {rF+ rCorr Int+3}
   (You acquired it on level 4 of the Lair of Beasts)

   [ring of resist corrosion]

   Int+3:     It affects your intelligence (+3).
   rF+:       It protects you from fire.
   rCorr:     It protects you from acid and corrosion.
Wands
 r - a wand of charming (48)
 E - a wand of flame (18)
 H - a wand of iceblast (37)
 M - a wand of polymorph (10)
 P - a wand of digging (9)
Scrolls
 d - 7 scrolls of immolation
 i - a scroll of butterflies
 j - 3 scrolls of torment
 k - 2 scrolls of fear
 o - 2 scrolls of poison
 p - 8 scrolls of vulnerability
 u - 2 scrolls of revelation
 w - 5 scrolls of fog
 x - 4 scrolls of amnesia
 y - 2 scrolls of identify
 N - 3 scrolls of enchant weapon
Potions
 e - 2 potions of cancellation
 f - 3 potions of mutation
 g - 5 potions of ambrosia
 h - 7 potions of curing
 s - 4 potions of enlightenment
 t - 3 potions of heal wounds
 v - a potion of invisibility
 z - a potion of brilliance
 A - a potion of might
 B - 2 potions of magic
 F - 3 potions of lignification
 I - 2 potions of attraction


   Skills:
 - Level 13.0 Fighting
 - Level 9.0 Polearms
 + Level 6.4 Armour
 - Level 8.0 Dodging
 - Level 2.4 Stealth
 - Level 5.0 Shields
 - Level 9.0 Spellcasting
 - Level 5.0 Hexes
 - Level 20.0 Summonings
 - Level 6.3 Fire Magic
 - Level 2.0 Air Magic
 - Level 12.0 Invocations


You had 2 spell levels left.
You knew the following spells:

 Your Spells              Type           Power      Damage    Failure   Level
a - Summon Small Mammal   Summ           100%       N/A       0%          1
b - Call Imp              Summ           100%       N/A       0%          2
c - Call Canine Familiar  Summ           100%       N/A       0%          3
d - Summon Blazeheart Go  Fire/Summ      82%        N/A       1%          4
e - Summon Lightning Spi  Summ/Air       74%        N/A       1%          4
f - Summon Cactus Giant   Summ           50%        N/A       1%          6
g - Summon Mana Viper     Hex/Summ       80%        N/A       2%          5
h - Monstrous Menagerie   Summ           50%        N/A       3%          7

Your spell library contained the following spells:

 Spells                   Type           Power      Damage    Failure   Level
 Slow                     Hex            100%       N/A       1%          1
 Jinxbite                 Hex            100%       N/A       2%          2
 Foxfire                  Conj/Fire      100%       2x1d9     4%          1
 Shock                    Conj/Air       88%        1d8       10%         1
 Apportation              Tloc           30%        N/A       14%         1
 Necrotise                Necr           60%        1d7       14%         1
 Sandblast                Erth           30%        2d9       14%         1
 Sting                    Conj/Alch      60%        1d6       14%         1
 Static Discharge         Conj/Air       44%        3-5/arc   14%         2
 Cigotuvi's Dreadful Rot  Necr/Alch/Air  40%        N/A       17%         2
 Lesser Beckoning         Tloc           30%        N/A       22%         2
 Momentum Strike          Conj/Tloc      30%        3d8       22%         2
 Martyr's Knell           Necr/Summ      71%        N/A       2%          4
 Inner Flame              Hex/Fire       53%        N/A       4%          3
 Confusing Touch          Hex            50%        N/A       5%          3
 Sigil of Binding         Hex            50%        N/A       5%          3
 Tukima's Dance           Hex            50%        N/A       5%          3
 Summon Forest            Summ/Tloc      35%        N/A       7%          5
 Volatile Blastmotes      Fire/Tloc      74%        2d16      12%         3
 Dazzling Flash           Conj/Hex       64%        N/A       16%         3
 Frozen Ramparts          Ice            30%        1d5       41%         3
 Fugue of the Fallen      Necr           15%        N/A       41%         3
 Ozocubu's Armour         Ice            15%        N/A       41%         3
 Passwall                 Erth           15%        N/A       41%         3
 Stone Arrow              Conj/Erth      30%        3d8       41%         3
 Dimensional Bullseye     Hex/Tloc       16%        N/A       45%         4
 Airstrike                Air            14%        2d(3-19)  54%         4
 Silence                  Hex/Air        19%        N/A       67%         5
 Iskenderun's Mystic Bla Conj/Tloc 15%            2d5        (+2d2     82%         4
 Olgreb's Toxic Radiance  Alch           15%        N/A       82%         4
 Passage of Golubria      Tloc           15%        N/A       82%         4
 Petrify                  Alch/Erth      15%        N/A       82%         4
 Alistair's Intoxication  Alch           10%        N/A       99%         5
 Plasma Beam              Fire/Air       22%        2x1d34    99%         6
 Starburst                Conj/Fire      18%        6d7       99%         6
 Dragon's Call            Summ           50%        N/A       99%         9
 Conjure Ball Lightning   Conj/Air       11%        3x3d6     100%        6
 Eringya's Noxious Bog    Alch           7%         4d6       100%        6
 Magnavolt                Erth/Air       11%        3d11      100%        7
 Manifold Assault         Tloc           7%         N/A       100%        7
 Lehudib's Crystal Spear  Conj/Erth      7%         10d3      100%        8
 Chain Lightning          Conj/Air       11%        3d14      100%        9
 Fire Storm               Conj/Fire      18%        8d5       100%        9
 Shatter                  Erth           7%         3d10*     100%        9
 Blink                    Tloc           Unusable   N/A       N/A         2

Dungeon Overview and Level Annotations

Branches:
Dungeon (15/15)            Temple (1/1) D:6            Lair (5/5) D:10
  Swamp (3/4) Lair:3        Snake (0/4) Lair:3        Slime (0/5) Lair:4
    Orc (2/2) D:11            Elf (0/3) Orc:2        Vaults (0/5) D:13
 Depths (0/4) D:15         Bailey (visited)           IceCv (visited)

Altars:
Ashenzari
Cheibriados
Dithmenos
Elyvilon
Fedhas
Gozag
Hepliaklqana
Kikubaaqudgha
Makhleb
Nemelex Xobeh
Okawaru
Qazlal
Ru
Sif Muna
Trog
Uskayaw
Vehumet
Wu Jian
Xom
Yredelemnul
Zin
The Shining One
Jiyva

Shops:
D:3 [   D:4 *   D:12 [[=   Orc:1 [(*   Orc:2 :=::

Annotations:
D:12 2 transporters, Gurguzundur's ghost, journeyman MDFi
D:14 Azrael
Lair:1 1 runed translucent door, justen's ghost, journeyman MiFi
Lair:4 exclusion: 2 oklob plants
Lair:5 2 runed translucent doors
Swamp:1 3 runed translucent doors, bobo's ghost, journeyman MiBe
Swamp:4 Mlioglotl


Innate Abilities, Weirdness & Mutations

You cannot be hasted, slowed, berserked, paralysed or teleported.
You can dig through walls and to a lower floor.
You have a pair of large antennae on your head. (SInv)
Your four strong arms can wield two-handed weapons with a shield.


Message History

Your movement speed is average.
Your attack delay is about 0.8.
Your damage rating with your +1 demon trident of protection is about 20 (Base 12 x 112% (Str) x 143% (Skill) + 1 (Ench)).
Your base attributes are Str 16, Int 20, Dex 14.
You closely miss the bunyip.
The bunyip claws you but does no damage.
You block the bunyip's attack. The bunyip closely misses you.
The ghost crab closely misses you. The ghost crab claws you!
* * * LOW HITPOINT WARNING * * *
You feel drained.
* * * LOW HITPOINT WARNING * * *
The spriggan druid is engulfed in poison gas.
The spriggan druid looks even sicker.
Okay, then.
Press: ? - help, v - describe, . - travel
Here: a ghost crab (spectral mist, moderately damaged, unable to see you)
The floor.
Unknown command.
Casting: Summon Lightning Spire (mildly dangerous; 1% risk of failure)
Confirm with . or Enter, or press ? or * to list all spells.
A mana viper appears with a sibilant hiss.
You feel less invigorated.
The spriggan druid is engulfed in poison gas.
The spriggan druid looks as sick as possible!
The ghost crab breathes spectral mist at you.
Your +3 warlock's mirror {omnireflect} blocks the spectral mist... and reflects it back!
The spectral mist engulfs the ghost crab.
Mlioglotl, the Unformed Horror comes into view.
The swamp dragon breathes poison at you.
The blast of poison misses you.
The spriggan druid is engulfed in poison gas.
The spriggan druid looks as sick as possible!
The spriggan druid calls out to the beasts of the wild!
Press: ? - help, v - describe, . - travel The floor.
There is a cloud of poison gas here.
Unknown command.
You feel clever all of a sudden.
Mlioglotl shouts!
The bunyip closely misses you. The bunyip claws you!!
You die...

♣ ♣♣ ♣§☼○ ♣♣§
♣♣♣§♣♣§§§§
§§§☼♣♣☼§§§§§~§§
t§§§♣§§§§§§§§ §
☼☼§♣§§§§§○☼§§§§
§☼§§§§§§☼§♣§☼§♣
○○§☼§§☼tx§§§○§○
§☼§~☼☼§@§§§§§§§
☼§○§§S☼☼xi§§§§§
§§§§§§☼§D§§§○☼§
§§§§§§§§§§§○§§~
§§§☼§§☼§§○§§§§☼
§§○♣§§§§§§§☼§§§
§§§§§§☼§§§§§§§~
X○☼☼§☼§§☼§☼§§!○


You could see Mlioglotl (wandering, unable to see you), 2 bunyips, a swamp
dragon (unable to see you, catching breath), 2 ghost crabs, a spriggan druid
(extremely poisoned) and a friendly mana viper (summoned).

Vanquished Creatures
  A fenstrider witch (Swamp:2)
  2 azure jellies (IceCv)
  2 eleionomae (Swamp:2)
  Nessos (Orc:2)
  2 vault guards (Bailey)
  Fannar (D:11)
  2 ice dragons
  2 hydras
  A centaur warrior (D:15)
  Erica (D:9)
  A boulder beetle (Lair:1)
  2 two-headed ogres
  2 spriggan druids
  2 orc sorcerers
  An ugly thing (D:14)
  A necromancer (D:15)
  A cyclops (D:11)
  Maurice (D:10)
  A kobold blastminer (Orc:2)
  A black mamba (Lair:5)
  6 elephants (Lair:5)
  2 cane toads (Lair:3)
  An ice statue (IceCv)
  A molten gargoyle (Lair:5)
  The ghost of D0namaru the Insei, a novice TeGl of Okawaru (D:5)
  2 komodo dragons
  Prince Ribbit (Bailey)
  A hornet (D:6)
  2 blink frogs
  7 slime creatures
  2 vampires
  A spriggan (Swamp:2)
  A wraith (D:10)
  10 yaks
  11 humans
  A warg (Orc:1)
  2 wyverns
  2 steam dragons
  A vampire mosquito (Swamp:3)
  A swamp worm (Swamp:2)
  An acid dragon (D:9)
  A hell hound (Lair:5)
  10 water moccasins
  3 orc warriors
  A laughing skull (D:14)
  A black bear (Lair:4)
  A wolf (Lair:2)
  3 ogres
  4 centaurs
  A phantom (D:5)
  A kobold brigand (D:10)
  10 bullfrogs
  A gnoll sergeant (D:9)
  2 glowing shapeshifter simulacra (IceCv)
  7 wights
  7 killer bees
  4 nameless horrors
  4 electric eels (D:10)
  2 howler monkeys
  A lava snake (D:11)
  A bombardier beetle (D:7)
  3 orc priests
  10 orc wizards
  A polar bear simulacrum (Lair:3)
  2 adders
  3 gnolls
  A dart slug (D:4)
  18 orcs
  3 hobgoblins
  A quokka (D:3)
  3 ball pythons
  A bat (D:2)
  A goblin (D:7)
  5 kobolds
  A rat (D:3)
203 creatures vanquished.

Vanquished Creatures (collateral kills)
  Jorgrun (Swamp:3)
  Rupert (D:12)
  A thorn hunter (Swamp:2)
  A fenstrider witch (Swamp:2)
  The ghost of Hiweh the Destroyer, a journeyman DgCj (D:15)
  2 eleionomae
  2 bunyips (Swamp:3)
  Josephine (D:11)
  2 eidola (D:15)
  2 ghost crabs (Swamp:2)
  3 vault guards (D:13)
  7 hydras
  4 alligators
  2 boulder beetles
  6 two-headed ogres
  Urug (D:11)
  4 orc high priests (Orc:2)
  A fire crab (Lair:5)
  A storm dragon skeleton (D:15)
  3 skysharks
  5 goliath frogs
  2 skeletal warriors (D:15)
  2 swamp dragons
  6 spriggan druids
  A flayed ghost (D:15)
  3 bog bodies
  A phantasmal warrior (D:15)
  4 necromancers
  A deep elf pyromancer (D:15)
  10 orc knights
  4 orc sorcerers
  An obsidian bat (Orc:2)
  10 ugly things
  4 cyclopes
  2 manticores
  4 will-o-the-wisps
  12 elephants (Lair:5)
  9 black mambas
  2 kobold blastminers (Orc:2)
  A gargoyle (D:5)
  2 molten gargoyles (Lair:5)
  9 cane toads
  4 rime drakes
  An efreet (D:13)
  15 komodo dragons
  A komodo dragon (shapeshifter) (D:14)
  2 kobold demonologists
  A tengu conjurer (D:13)
  A queen bee (Lair:1)
  3 trolls
  The ghost of SageDae the Covered, an amateur MDFi (D:4)
  4 tyrant leeches
  2 hornets
  4 polar bears
  11 blink frogs
  2 spriggan skeletons (D:15)
  5 spriggans
  38 slime creatures
  5 wyverns
  A fire bat (shapeshifter) (D:13)
  6 wraiths
  15 humans
  37 yaks
  11 vampire mosquitoes
  5 nameless horrors
  5 wargs
  6 basilisks
  9 swamp worms
  An acid dragon (D:11)
  8 water moccasins
  4 hell hounds
  13 orc warriors
  A great orb of eyes simulacrum (IceCv)
  An ice beast (D:7)
  A black bear (D:6)
  A laughing skull (D:14)
  3 ogres
  A swamp drake (Swamp:2)
  A phantom (D:5)
  9 wolves
  3 centaurs
  2 slime creature simulacra (IceCv)
  2 kobold brigands
  18 bullfrogs
  A glowing shapeshifter simulacrum (IceCv)
  7 wights
  18 killer bees
  9 howler monkeys
  4 electric eels (D:10)
  A bombardier beetle (D:4)
  2 jellies
  3 hounds
  3 lava snakes (Lair:5)
  11 orc priests
  Crazy Yiuf (D:3)
  A gnoll bouda (D:7)
  23 orc wizards
  2 sleepcaps
  3 iguanas
  4 shapeshifter simulacra (IceCv)
  3 polar bear simulacra (Lair:3)
  3 wolf simulacra (Lair:3)
  2 yak simulacra (Lair:3)
  7 gnolls
  11 adders
  2 shadow imps
  2 white imps
  4 ufetubi
  2 ribbon worms
  A dart slug (D:4)
  45 orcs
  4 ball pythons
  6 endoplasms
  3 giant cockroaches
  3 jackals (D:1)
  2 quokkas
  3 bats
  2 frilled lizards
  9 goblins
  19 kobolds
  8 rats
  2 river rat simulacra (Lair:3)
641 creatures vanquished.

Vanquished Creatures (others)
  3 bloated husks (Swamp:2)
  A centaur simulacrum (D:14)
  A spriggan (Swamp:2)
  A yak (Lair:3)
  A nameless horror (Lair:5)
  A fire elemental (D:14)
  53 blazeheart cores
  6 foxfires (Swamp:2)
67 creatures vanquished.

Grand Total: 911 creatures vanquished

Notes
Turn   | Place    | Note
-------+----------+-------------------------------------------
     0 | D:1      | DimondSprtn the Formicid Summoner began the quest for the
                  | Orb.
     0 | D:1      | Reached XP level 1. HP: 13/13 MP: 3/3
   211 | D:1      | Reached XP level 2. HP: 19/19 MP: 1/5
   214 | D:1      | Learned a level 2 spell: Call Imp
   727 | D:1      | Reached XP level 3. HP: 22/24 MP: 3/6
   731 | D:1      | Learned a level 3 spell: Call Canine Familiar
  1257 | D:2      | Reached skill level 5 in Summonings
  1677 | D:2      | Reached XP level 4. HP: 30/30 MP: 1/7
  2490 | D:3      | Found Yrifudye's Armour Emporium.
  2705 | D:3      | Reached XP level 5. HP: 36/36 MP: 0/8
  2764 | D:3      | Reached skill level 1 in Fighting
  3091 | D:3      | Found a runed translucent door.
  3092 | D:3      | Noticed Crazy Yiuf
  3569 | D:4      | Reached skill level 6 in Summonings
  3680 | D:4      | Reached XP level 6. HP: 43/43 MP: 6/10
  3685 | D:4      | Learned a level 4 spell: Summon Blazeheart Golem
  3727 | D:4      | Found a runed translucent gate.
  3727 | D:4      | Found a runed translucent gate.
  3727 | D:4      | Found a runed translucent gate.
  3728 | D:4      | Noticed SageDae's ghost (amateur MDFi)
  3742 | D:4      | Found Umiupsuph's General Store.
  3748 | D:4      | Bought a scroll of identify for 22 gold pieces
  3748 | D:4      | Bought a potion of heal wounds for 55 gold pieces
  4310 | D:5      | Entered Level 5 of the Dungeon
  4506 | D:5      | Noticed a water moccasin
  4645 | D:4      | Reached XP level 7. HP: 8/51 MP: 2/11
  4810 | D:5      | You fall into a shaft and drop 2 floors!
  4997 | D:7      | Reached skill level 1 in Fire Magic
  5125 | D:7      | Found a flagged portal.
  5197 | Bailey   | Entered a bailey
  5226 | Bailey   | Noticed a human
  5235 | Bailey   | Killed a human
  5236 | Bailey   | Reached skill level 7 in Summonings
  5236 | Bailey   | Reached XP level 8. HP: 55/57 MP: 7/14
  5239 | Bailey   | Noticed a human
  5241 | Bailey   | Noticed a human
  5246 | Bailey   | Killed a human
  5247 | Bailey   | Reached skill level 5 in Fire Magic
  5251 | Bailey   | Noticed a human
  5254 | Bailey   | Killed a human
  5264 | Bailey   | Killed a human
  5270 | Bailey   | Learned a level 4 spell: Summon Lightning Spire
  5293 | Bailey   | Reached skill level 1 in Air Magic
  5293 | Bailey   | Reached XP level 9. HP: 23/62 MP: 8/15
  5773 | Bailey   | Reached skill level 5 in Fighting
  5808 | Bailey   | Noticed Prince Ribbit
  5809 | Bailey   | Noticed a vault guard
  5818 | Bailey   | Noticed a vault guard
  5853 | Bailey   | Killed a vault guard
  5854 | Bailey   | Reached skill level 5 in Dodging
  5854 | Bailey   | Reached skill level 5 in Spellcasting
  5854 | Bailey   | Reached skill level 8 in Summonings
  5854 | Bailey   | Reached XP level 10. HP: 74/74 MP: 9/17
  6028 | Bailey   | Killed a vault guard
  6045 | Bailey   | Killed Prince Ribbit
  6046 | Bailey   | Reached skill level 9 in Summonings
  6171 | Bailey   | Learned a level 6 spell: Summon Cactus Giant
  6551 | D:5      | Found a runed translucent gate.
  6552 | D:5      | Found a runed translucent gate.
  6552 | D:5      | Noticed D0namaru's ghost (novice TeGl)
  6552 | D:5      | Noticed a gargoyle
  6807 | D:5      | Found a basalt altar of Yredelemnul.
  6811 | D:5      | Found a sacrificial altar of Ru.
  6828 | D:5      | Found a runed translucent gate.
  6918 | D:5      | Found an iron altar of Okawaru.
  7079 | D:3      | Killed Crazy Yiuf
  7301 | D:6      | Found a staircase to the Ecumenical Temple.
  7307 | Temple   | Entered the Ecumenical Temple
  7321 | Temple   | Became a worshipper of Sif Muna the Loreminder
  8735 | D:7      | Reached * piety under Sif Muna
  9035 | D:8      | Reached XP level 11. HP: 84/84 MP: 14/20
  9043 | D:8      | Reached skill level 10 in Summonings
  9266 | D:8      | Noticed a two-headed ogre
  9276 | D:8      | Killed a two-headed ogre
  9660 | D:8      | Noticed a centaur warrior
  9940 | D:9      | Reached skill level 11 in Summonings
  9973 | D:9      | Reached ** piety under Sif Muna
 10519 | D:9      | Noticed Erica
 10534 | D:9      | Killed Erica
 10920 | D:9      | Reached skill level 12 in Summonings
 11151 | D:10     | Entered Level 10 of the Dungeon
 11154 | D:10     | Noticed Maurice
 11446 | D:10     | Found a stormy altar of Qazlal.
 11532 | D:10     | Noticed a two-headed ogre
 11546 | D:10     | Killed a two-headed ogre
 11692 | D:10     | Maurice stole a +4 trident
 11710 | D:10     | Killed Maurice
 12222 | D:10     | Found a glowing golden altar of the Shining One.
 12222 | D:10     | Found an ancient bone altar of Kikubaaqudgha.
 12251 | D:10     | Noticed a sun demon
 12258 | D:10     | Reached XP level 12. HP: 88/95 MP: 15/21
 12442 | D:10     | Found a staircase to the Lair.
 13848 | D:11     | Noticed a five-headed hydra
 13884 | D:11     | Killed a five-headed hydra
 13884 | D:11     | Reached *** piety under Sif Muna
 13935 | D:11     | Reached skill level 13 in Summonings
 14128 | D:11     | Found a staircase to the Orcish Mines.
 14151 | D:11     | Noticed a two-headed ogre
 14159 | D:11     | Noticed Fannar
 14173 | D:11     | Killed Fannar
 14174 | D:11     | Reached skill level 10 in Fighting
 14235 | D:11     | Found a frozen archway.
 14244 | IceCv    | Entered an ice cave
 14931 | IceCv    | Reached skill level 14 in Summonings
 15289 | IceCv    | Reached skill level 1 in Polearms
 15446 | IceCv    | Reached XP level 13. HP: 106/106 MP: 16/22
 15487 | IceCv    | Noticed an azure jelly
 15491 | IceCv    | Found a viscous altar of Jiyva.
 15491 | IceCv    | Noticed an azure jelly
 15494 | IceCv    | Killed an azure jelly
 15495 | IceCv    | Reached skill level 5 in Polearms
 15502 | IceCv    | Killed an azure jelly
 15502 | IceCv    | Reached **** piety under Sif Muna
 15615 | IceCv    | Got the +1 whip of the Nexus {freeze, *Rage rC++}
 15835 | D:11     | Noticed Josephine
 15849 | D:11     | Killed Josephine
 15994 | D:11     | Noticed Urug
 15996 | D:11     | Identified the ring of Satisfaction {rElec EV+5 Str-4 Dex+9
                  | Stlth-}
 16227 | D:11     | Killed Urug
 16337 | D:11     | Noticed an ice dragon
 16526 | D:3      | Bought the +3 pair of gloves "Qaotobum" {rC+ Str+3} for 517
                  | gold pieces
 16813 | D:11     | Killed an ice dragon
 17024 | Lair:1   | Entered Level 1 of the Lair of Beasts
 17355 | Lair:1   | Found an ornate altar of the Wu Jian Council.
 17356 | Lair:1   | Found a hide-covered altar of Uskayaw.
 18017 | Lair:1   | Found a runed translucent door.
 18017 | Lair:1   | Noticed justen's ghost (journeyman MiFi)
 18311 | Lair:1   | Learned a level 5 spell: Summon Mana Viper
 18465 | Lair:2   | Reached skill level 1 in Hexes
 18704 | Lair:2   | Reached ***** piety under Sif Muna
 18714 | Lair:2   | Noticed an ice dragon
 18723 | Lair:2   | Killed an ice dragon
 18983 | Lair:2   | Reached skill level 15 in Summonings
 18986 | Lair:2   | Reached XP level 14. HP: 113/113 MP: 21/24
 19539 | Lair:3   | Found a staircase to the Snake Pit.
 20013 | D:4      | Bought a scroll of enchant weapon for 82 gold pieces
 20494 | Lair:3   | Found a stormy altar of Qazlal.
 20528 | Lair:3   | Reached skill level 16 in Summonings
 20620 | Lair:3   | Reached skill level 5 in Hexes
 20723 | Lair:3   | Received a gift from Sif Muna
 20724 | Lair:3   | Got Tuxkug's Compendium of the Associated Shot {god gift}
 20755 | Lair:3   | Found a staircase to the Swamp.
 21276 | Lair:3   | Found the +8 whip "Snakebite" {venom, curare, rPois}
 21932 | Lair:4   | Identified 2 scrolls of acquirement
 21933 | Lair:4   | Acquired the ring of the Zebra {rF+ rCorr Int+3}
 21936 | Lair:4   | Acquired the +3 warlock's mirror {omnireflect}
 21936 | Lair:4   | Found the +3 warlock's mirror {omnireflect}
 21986 | Lair:4   | Reached skill level 1 in Shields
 21987 | Lair:4   | Reached skill level 17 in Summonings
 22213 | Lair:4   | Found a viscous altar of Jiyva.
 22213 | Lair:4   | Found a staircase to the Slime Pits.
 22574 | Lair:5   | Entered Level 5 of the Lair of Beasts
 22789 | Lair:5   | Reached skill level 5 in Shields
 22849 | Lair:5   | Reached skill level 1 in Invocations
 22850 | Lair:5   | Reached XP level 15. HP: 105/118 MP: 27/27
 23129 | Lair:5   | Reached skill level 5 in Invocations
 23674 | Lair:5   | Received a gift from Sif Muna
 24059 | Lair:5   | Found a large runed translucent door.
 24059 | Lair:5   | Found a large runed translucent door.
 24230 | Lair:5   | Reached skill level 10 in Invocations
 24772 | D:12     | Noticed Rupert
 24772 | D:12     | Found Umuhuas's Jewellery Emporium.
 24993 | D:12     | Found a transporter.
 25005 | D:12     | Noticed Gurguzundur's ghost (journeyman MDFi)
 25029 | D:12     | Killed Rupert
 25319 | D:12     | Found Leiphulu's Antique Armour Boutique.
 25324 | D:12     | Bought a slimy leather armour for 231 gold pieces
 25324 | D:12     | Identified the +0 leather armour of Theory {rF+ rC+} (You
                  | bought it in a shop on level 12 of the Dungeon)
 25346 | D:12     | Found Lorel's Armour Shop.
 25416 | D:12     | Found a transporter.
 25716 | Orc:1    | Entered Level 1 of the Orcish Mines
 25882 | Orc:1    | Received a gift from Sif Muna
 25883 | Orc:1    | Got Sif Muna's Anthology of Promethean Astrapomancy {god
                  | gift}
 26029 | Orc:2    | Entered Level 2 of the Orcish Mines
 26029 | Orc:2    | Found a staircase to the Elven Halls.
 26035 | Orc:2    | Noticed Nessos
 26173 | Orc:1    | Found Huistef's Armour Shop.
 26177 | Orc:1    | Found Qutum's Antique Weapon Emporium.
 26177 | Orc:1    | Found Dushro's General Store.
 26212 | Orc:2    | Killed Nessos
 26579 | Orc:2    | Learned a level 7 spell: Monstrous Menagerie
 26843 | Orc:1    | Reached XP level 16. HP: 107/122 MP: 29/29
 27523 | Orc:2    | Found Honki's Book Shoppe.
 28265 | Orc:2    | Found Jitsiloo's Book Boutique.
 28272 | Orc:2    | Found Loutaor's Jewellery Boutique.
 28274 | Orc:2    | Found Rolestots's Book Shoppe.
 28596 | D:12     | Bought a slimy ring mail for 297 gold pieces
 28596 | D:12     | Identified the +0 ring mail of the Beginning {+Inv rElec}
                  | (You bought it in a shop on level 12 of the Dungeon)
 28610 | D:12     | Bought a +2 leather armour of poison resistance for 208
                  | gold pieces
 28808 | D:4      | Killed SageDae's ghost
 28869 | D:5      | Killed D0namaru's ghost
 29059 | D:13     | Received a gift from Sif Muna
 29064 | D:13     | Got Sif Muna's Monograph on Grounded Dislocation {god gift}
 29493 | D:13     | Reached ****** piety under Sif Muna
 29626 | D:13     | Found a gate to the Vaults.
 30079 | D:14     | Noticed Azrael
 30905 | D:14     | Found a hide-covered altar of Uskayaw.
 30977 | D:14     | Found a burning altar of Makhleb.
 31265 | D:15     | Entered Level 15 of the Dungeon
 31267 | D:15     | Found a staircase to the Depths.
 31417 | D:12     | Reached skill level 18 in Summonings
 31808 | D:15     | Received a gift from Sif Muna
 31809 | D:15     | Got Sif Muna's Spellbook of Congelation and the Oath {god
                  | gift}
 32110 | D:15     | Reached XP level 17. HP: 136/136 MP: 27/30
 32306 | D:15     | Found a runed translucent gate.
 32306 | D:15     | Found a runed translucent gate.
 32310 | D:15     | Found a runed translucent gate.
 32310 | D:15     | Noticed Hiweh's ghost (journeyman DgCj)
 32626 | D:15     | Killed Hiweh's ghost
 33080 | Swamp:1  | Entered Level 1 of the Swamp
 33459 | Swamp:1  | Reached skill level 19 in Summonings
 33598 | Swamp:1  | Found a runed translucent gate.
 33598 | Swamp:1  | Found a runed translucent gate.
 33598 | Swamp:1  | Found a runed translucent gate.
 33599 | Swamp:1  | Noticed bobo's ghost (journeyman MiBe)
 33974 | Swamp:2  | Noticed a thorn hunter
 33983 | Swamp:2  | Killed a thorn hunter
 34555 | Swamp:2  | Identified the +0 ring mail "Qitoonn" {Harm}
 34825 | Swamp:2  | HP: 5/136 [spriggan druid/angry trees (16)]
 34826 | Swamp:2  | HP: 2/136 [spriggan druid/angry trees (14)]
 35176 | Swamp:2  | Reached skill level 20 in Summonings
 35283 | Swamp:2  | Reached skill level 1 in Armour
 35812 | Swamp:3  | Noticed Jorgrun
 35814 | Swamp:3  | Reached skill level 5 in Armour
 35828 | Swamp:3  | Killed Jorgrun
 35951 | Swamp:3  | Noticed a thorn hunter
 35978 | Swamp:3  | You fall into a shaft and drop 1 floor!
 35978 | Swamp:4  | Entered Level 4 of the Swamp
 35986 | Swamp:4  | Noticed Mlioglotl
 35987 | Swamp:4  | Mangled by a bunyip

Illustrated notes

Levels and vault maps discovered:
D:1:      eino_arrival_tree_alley, layout_loops_ring,
          minmay_large_rounded_square, nicolae_kite_square_tiling_tiny,
          minivault_11
D:2:      layout_basic, serial_corexii_hall, corexii_hall_statues_x,
          corexii_hall_statues_s, minmay_tromino_v2
D:3:      layout_loops_corners, serial_shops, nicolae_shop_advertising_works
          [nicolae_subvault_shop_adworks], uniq_crazy_yiuf_cottage
D:4:      layout_loops_ring, serial_shops, shop, gammafunk_ghost_nasty_kobolds
D:5:      layout_cave_pools, mainiacjoe_overflow_surrounded_room,
          nicolae_overflow_hidden_temple, enter_ossuary_2, gammafunk_ghost_split
D:6:      layout_cave_pods, minmay_temple_entry_hall
D:7:      layout_gridville, enter_bailey_3
D:8:      layout_loops_ring, lightli_corner_chamber
D:9:      layout_roguey, serial_corexii_hall, corexii_hall_statues_t,
          corexii_hall_statues_i, uniq_erica
D:10:     layout_basic, grunt_qazlal_sundering,
          gammafunk_temple_overflow_elements, dpeg_oklobed_lair, uniq_maurice
D:11:     layout_irregular_city, orc_0_dummy, portal_ice_cave_entry_pillars_1,
          kennysheep_island_fort, uniq_fannar, uniq_josephine, uniq_urug
D:12:     layout_loops_cross, serial_shops, shop, nicolae_stop_n_shop_1, shop,
          gammafunk_ghost_berserking_beasts, uniq_rupert
D:13:     layout_loops_ring, grunt_vaults_entry_tiered
D:14:     cheibrodos_elevator_heist, layout_grid_maze,
          nicolae_uskayaw_dance_hall, makhleb_altar_promises_db, uniq_azrael
D:15:     gammafunk_depths_entry_grave, layout_irregular_city,
          gammafunk_ghost_spectres, nicolae_tricolors
Temple:   nicolae_temple_slightly_damp_pantheon
Lair:1:   layout_cave_pods, special_room [special_room_bee],
          hellmonk_ghost_happy_afterlife, nzn_masters_of_martial_movement
Lair:2:   dragon1_lemuel, layout_small_grid, special_room
Lair:3:   minmay_guarded_unrand_snakebite, layout_cave_pods,
          mainiacjoe_swamp_entry_angry_trees, minmay_snake_entry_six_corridors,
          basic_altar, minivault_25, eino_house_with_fridge
Lair:4:   dpeg_oklob_gauntlet, layout_cave_pods, slime_entry_1,
          lemuel_fruit_fields, serial_bayou_shore_b, grunt_megastairs_1
Lair:5:   cheibrodos_lair_end_hotspot, layout_layer_cave
Swamp:1:  layout_falls_marsh, gammafunk_ghost_hydra_chop,
          evilmike_swamp_ruin_house_2
Swamp:2:  layout_basic_swamp, serial_swamp_ruin, evilmike_swamp_ruin_house_1,
          evilmike_swamp_ruin_house_5, swamp_pool_4, nicolae_swamp_spooky_pond
Swamp:3:  layout_basic_swamp, gammafunk_ghost_grave, hangedman_swamp_ruin_wall,
          swamp_pool_4, nicolae_swamp_bloodsuckers_inc, uniq_jorgrun
Swamp:4:  swamp_fiery, layout_basic_swamp, uniq_mlioglotl, uniq_mara
Orc:1:    layout_caves, guppyfry_orc_lava_fort
Orc:2:    st_orc_elflike, layout_caves, uniq_nessos

Skill      XL: |  1  2  3  4  5  6  7  8  9 10 11 12 13 14 15 16 17 |
---------------+----------------------------------------------------+-----
Summonings     | 5 6 7 8 9 12 14 15 17 18 20 | 20.0
Dodging        | 2 3 5 6 8 |  8.0
Fighting       | 1 2 5 7 9 11 13 | 13.0
Spellcasting   | 3 4 5 6 7 8 9 |  9.0
Fire Magic     | 3 6 |  6.3
Air Magic      | 1 2 |  2.0
Polearms       | 4 9 |  9.0
Hexes          | 3 5 |  5.0
Shields        | 5 |  5.0
Invocations    | 2 12 | 12.0
Armour         | 6 |  6.4
Stealth        | |  2.4

Action                     |  1- 3 |  4- 6 |  7- 9 | 10-12 | 13-15 | 16-18 || total
---------------------------+-------+-------+-------+-------+-------+-------++-------
  Melee: Unarmed           |    12 |       |       |       |       |       ||    12
         Dagger            |    13 |    23 |       |       |       |       ||    36
         Whip              |     1 |       |       |       |       |       ||     1
         Spear             |       |    43 |    57 |   117 |       |       ||   217
         Halberd           |       |       |       |   126 |     7 |       ||   133
         Trident           |       |       |       |     5 |       |       ||     5
         Demon trident     |       |       |       |       |   342 |   248 ||   590
  Throw: Dart              |       |       |       |    10 |       |       ||    10
   Cast: Summon Small Mamm |    28 |     1 |     6 |       |       |       ||    35
         Call Imp          |     6 |    12 |     6 |     9 |     1 |       ||    34
         Call Canine Famil |     4 |    28 |    14 |    48 |     4 |       ||    98
         Summon Blazeheart |       |       |    12 |    53 |    13 |       ||    78
         Summon Lightning  |       |       |       |    10 |     5 |     2 ||    17
         Summon Cactus Gia |       |       |       |    20 |   115 |    66 ||   201
         Summon Mana Viper |       |       |       |       |    36 |    43 ||    79
         Monstrous Menager |       |       |       |       |       |    78 ||    78
         Shatter           |       |       |       |       |       |     2 ||     2
         Dragon's Call     |       |       |       |       |       |     1 ||     1
 Invoke: Channel Magic     |       |       |       |       |     1 |     5 ||     6
         Divine Exegesis   |       |       |       |       |       |     3 ||     3
Ability: Shaft Self        |       |       |     1 |       |       |     1 ||     2
         Dig               |       |       |       |     1 |       |     1 ||     2
    Use: Scroll            |       |     2 |       |     7 |    18 |     8 ||    35
         Potion            |       |       |     1 |     1 |       |     5 ||     7
   Stab: Sleeping          |     2 |       |       |     1 |     1 |       ||     4
         Distracted        |       |     3 |     1 |     5 |     5 |     8 ||    22
         Invisible         |       |       |       |       |       |     1 ||     1
 Armour: Robe              |    27 |    30 |    36 |    55 |       |       ||   148
         Ring mail         |       |       |       |   125 |   229 |    38 ||   392
         Leather armour    |       |       |       |       |       |   110 ||   110
         Swamp dragon scal |       |       |       |       |       |    52 ||    52
  Dodge: Dodged            |    20 |    39 |    39 |   173 |   129 |   169 ||   569
  Block: Buckler           |       |       |       |       |    56 |   125 ||   181
         Reflection        |       |       |       |       |    11 |    28 ||    39

Table legend: (Time is in decaauts)
 A = Elapsed time spent in this place.
 B = Non-inter-level travel time spent in this place.
 C = Inter-level travel time spent in this place.
 D = Time resting spent in this place.
 E = Time spent auto-exploring this place.
 F = Levels seen in this place.
 G = Mean time per level.
                   A        B        C        D        E       F      G
               +--------+--------+--------+--------+--------+-----+--------+
         Total |  36231 |  33129 |   3102 |   5155 |  21027 |  29 | 1249.3 |
       Dungeon |  20720 |  18298 |   2422 |   2487 |  11878 |  15 | 1381.3 |
        Temple |     28 |      2 |     26 |      0 |      0 |   1 |   28.0 |
          Lair |   7150 |   6767 |    383 |    596 |   5033 |   5 | 1430.0 |
         Swamp |   3037 |   2933 |    104 |     71 |   2309 |   4 |  759.2 |
  Orcish Mines |   2832 |   2667 |    165 |    781 |   1317 |   2 | 1416.0 |
        Bailey |    990 |    990 |      0 |    496 |    163 |   1 |  990.0 |
      Ice Cave |   1471 |   1471 |      0 |    724 |    325 |   1 | 1471.0 |
               +--------+--------+--------+--------+--------+-----+--------+

Top non-repeatable levels by time:
    D:10: 3183 daAuts
  Lair:5: 2046 daAuts
     D:4: 1739 daAuts
  Lair:3: 1683 daAuts
     D:9: 1669 daAuts
 Swamp:2: 1612 daAuts
   Orc:2: 1568 daAuts
     D:3: 1527 daAuts
   IceCv: 1471 daAuts
    D:11: 1452 daAuts
    D:13: 1340 daAuts
    D:14: 1300 daAuts
   Orc:1: 1264 daAuts
 Swamp:1: 1176 daAuts
  Lair:4: 1175 daAuts
